 Dungeon Crawl Stone Soup version 0.24.0-2-g5b39cebb1c (webtiles) character file.

Game seed: 11439622015505485921, levelgen mode: deterministic

16 ventricule the Sneak (level 2, -1/16 HPs)
             Began as a Deep Elf Assassin on Oct 30, 2019.
             Slain by a kobold
             ... wielding a +0 whip
              (6 damage)
             ... on level 1 of the Dungeon.
             The game lasted 00:00:45 (547 turns).

ventricule the Sneak (Deep Elf Assassin)             Turns: 547, Time: 00:00:45

Health: -1/16      AC:  3    Str:  8    XL:     2   Next: 37%
Magic:  4/4        EV: 12    Int: 15    God:
Gold:   20         SH:  0    Dex: 16    Spells: 1/1 levels left

rFire    . . .     SeeInvis .   a - +2 dagger
rCold    . . .     Gourm    .   (no shield)
rNeg     . . .     Faith    .   b - +0 robe
rPois    .         Spirit   .   (no helmet)
rElec    .         Reflect  .   c - +0 cloak
rCorr    .         Harm     .   (no gloves)
MR       .....                  (no boots)
Stlth    +++.......             (no amulet)
HPRegen  0.05/turn              (no ring)
MPRegen  0.09/turn              (no ring)

@: no status effects
A: no striking features
a: no special abilities


You were on level 1 of the Dungeon.
You were not hungry.

You visited 1 branch of the dungeon, and saw 1 of its levels.

You collected 20 gold pieces.

Inventory:

Hand Weapons
 a - a +2 dagger (weapon)
Missiles
 d - 5 poisoned darts (quivered)
 f - 2 curare-tipped darts
 Q - 39 stones
Armour
 b - a +0 robe (worn)
 c - a +0 cloak (worn)
Potions
 h - 2 potions of agility {unknown}
Comestibles
 e - a ration
 g - 3 chunks of flesh


   Skills:
 - Level 1.5 Fighting
 + Level 2.3 Short Blades
 + Level 2.2 Throwing
 + Level 1.7 Dodging
 + Level 5.1 Stealth


You had one spell level left.
You didn't know any spells.
Your spell library was empty.

Dungeon Overview and Level Annotations

Branches:
Dungeon (1/15)

Altars:


Message History

You throw a poisoned dart.
The poisoned dart barely misses the kobold.
The poisoned dart barely misses the goblin.
The kobold closely misses you.
Throwing (i - inventory. (/) - cycle)
d - 7 poisoned darts (quivered)
Aim: a kobold, wielding a +0 whip (severely wounded)
You throw a poisoned dart.
The poisoned dart closely misses the kobold.
The poisoned dart closely misses the goblin.
The kobold hits you with a +0 whip.
* * * LOW HITPOINT WARNING * * *
You take 5 damage, and have 5/16 hp.
MASSIVE DAMAGE!!
Throwing (i - inventory. (/) - cycle)
d - 6 poisoned darts (quivered)
Aim: a kobold, wielding a +0 whip (severely wounded)
You throw a poisoned dart.
The poisoned dart barely misses the kobold.
The poisoned dart closely misses the goblin.
The kobold hits you with a +0 whip.
You die...

#.# #.# #.# ######...
#.# #........ ##
#.####.##### .#
#.##...#)!(# .#
#.##...#bg.# .#
#.##...#Kg.# .#
#.#..##@#
##########....#.#...#
............##.# ...#
#########...#.#.......
........รท.##.#
....#..#
..........#$#..
........ .......#..##
..# ###.#..
........... ... . ..
######.##### ##.#


You could see 2 goblins, a bat and a kobold.

Levels and vault maps discovered:
D:1:      roderic_chinese_lattice_arrival, layout_basic, minmay_vboxes

Notes
Turn   | Place    | Note
-------+----------+-------------------------------------------
     0 | D:1      | ventricule the Deep Elf Assassin began the quest for the
                  | Orb.
     0 | D:1      | Reached XP level 1. HP: 12/12 MP: 3/3
   164 | D:1      | Identified a +0 club
   172 | D:1      | Reached skill level 5 in Stealth
   201 | D:1      | Reached XP level 2. HP: 15/16 MP: 4/4
   538 | D:1      | Identified a +0 whip
   541 | D:1      | Identified a +0 dagger
   547 | D:1      | Slain by a kobold

Table legend:
 A = Turns spent in this place as a percentage of turns spent in the entire game.
 B = Non-inter-level travel turns spent in this place as a percentage of non-inter-level travel turns spent in the entire game.
 C = Inter-level travel turns spent in this place as a percentage of turns spent in this place.
 D = Turns resting spent in this place as a percentage of non-inter-level travel turns spent in this place.
 E = Turns spent auto-exploring this place as a percentage of non-inter-level travel turns spent in this place.
 F = Non-inter-level travel turns spent in this place divided by the number of levels of this place that you've seen.
                   A       B       C       D       E      F
               +-------+-------+-------+-------+-------+----------------------
         Total | 100.0 | 100.0 |   0.0 |  46.1 |  35.8 | 547.0
       Dungeon | 100.0 | 100.0 |   0.0 |  46.1 |  35.8 | 547.0
               +-------+-------+-------+-------+-------+----------------------

Table legend:
 A = Kills in this place as a percentage of kills in entire the game.
 B = Kills by you in this place as a percentage of kills by you in the entire game.
 C = Kills by friends in this place as a percentage of kills by friends in the entire game.
 D = Other kills in this place as a percentage of other kills in the entire game.
 E = Experience gained in this place as a percentage of experience gained in the entire game.
 F = Experience gained in this place divided by the number of levels of this place that you have seen.
                   A       B       C       D       E      F
               +-------+-------+-------+-------+-------+----------------------
         Total | 100.0 | 100.0 |   N/A |   N/A | 100.0 |  23.0
       Dungeon | 100.0 | 100.0 |   N/A |   N/A | 100.0 |  23.0
               +-------+-------+-------+-------+-------+----------------------

Skill      XL: |  1 |
---------------+----+-----
Stealth        | 5 |  5.1
Fighting       | |  1.5
Short Blades   | |  2.3
Throwing       | |  2.2
Dodging        | |  1.7

Action                   || total
-------------------------++-------
Melee: Dagger            ||    46
Throw: Dart              ||     7
 Stab: Sleeping          ||     4
Armor: Robe              ||     8
Dodge: Dodged            ||    34

Vanquished Creatures
  A leopard gecko (D:1)
  A ball python (D:1)
  2 goblins (D:1)
  A hobgoblin (D:1)
  2 jackals (D:1)
  5 bats (D:1)
  A rat (D:1)
13 creatures vanquished.
